 Dungeon Crawl Stone Soup version 0.25.1-2-g60ff931df9 (webtiles) character file.

Game seed: 17708556743461219149

36 H0rd4k the Insei (level 3, 0/23 HPs)
             Began as an Octopode Transmuter on Aug 3, 2020.
             Slain by a quokka (4 damage)
             ... on level 2 of the Dungeon.
             The game lasted 00:01:12 (1255 turns).

H0rd4k the Insei (Octopode Transmuter)              Turns: 1255, Time: 00:01:13

Health: 0/23       AC:  1    Str:  9    XL:     3   Next: 37%
Magic:  6/6        EV: 13    Int: 16    God:
Gold:   81         SH:  0    Dex: 12    Spells: 0/6 levels left

rFire    . . .     SeeInvis .     - Unarmed
rCold    . . .     Gourm    .   (no shield)
rNeg     . . .     Faith    .   (helmet restricted)
rPois    .         Spirit   .   (no amulet)
rElec    .         Reflect  .   (no ring)
rCorr    .         Harm     .   (no ring)
MR       .....                  (no ring)
Stlth    ++........             (no ring)
HPRegen  0.07/turn              (no ring)
MPRegen  0.10/turn              (no ring)
                                (no ring)
                                (no ring)

@: no status effects
A: almost no armour, stealthy swim, amphibious, 8 rings, constrict 8, camouflage
1, gelatinous body 1
a: no special abilities


You were on level 2 of the Dungeon.
You were not hungry.

You visited 1 branch of the dungeon, and saw 2 of its levels.

You collected 81 gold pieces.

Inventory:

Missiles
 a - 90 arrows
 h - 12 poisoned darts (quivered)
Jewellery
 i - an uncursed ring of flight {unknown}
Scrolls
 b - 3 scrolls of teleportation {unknown}
 d - a scroll of enchant armour {unknown}
 e - a scroll of remove curse {unknown}
 f - 3 scrolls of identify {unknown}
Potions
 g - 2 potions of flight {unknown}
Comestibles
 c - 4 rations


   Skills:
 + Level 1.0 Fighting
 + Level 2.1 Dodging
 + Level 0.2 Stealth
 + Level 3.9 Unarmed Combat
 * Level 2.1 Spellcasting
 * Level 2.2 Transmutations


You couldn't memorise any spells.
You knew the following spells:

 Your Spells              Type           Power        Failure   Level  Hunger
a - Beastly Appendage     Tmut           #.....       9%          1    #......
b - Sticks to Snakes      Tmut           #.......     12%         2    ###....
c - Spider Form           Tmut/Pois      #.........   36%         3    ###....

Your spell library contained the following spells:

 Spells                   Type           Power        Failure   Level  Hunger
 Ice Form                 Ice/Tmut       #.......     77%         4    #####..
 Blade Hands              Tmut           #.........   92%         5    ######.


Dungeon Overview and Level Annotations

Branches:
Dungeon (2/15)

Altars:

Annotations:
D:1 1 exclusion


Innate Abilities, Weirdness & Mutations

You cannot wear most types of armour.
You are very stealthy in the water. (Stealth+)
You are amphibious.
You can wear up to eight rings at the same time.
You can use your tentacles to constrict eight enemies at once.
Your skin changes colour to match your surroundings (Stealth+).
Your rubbery body absorbs attacks. (AC +1, EV +1)


Message History

The quokka completely misses you.
There are monsters nearby!
You tentacle-slap the gnoll but do no damage.
You grab the gnoll. You constrict the gnoll. The quokka bites you.
The gnoll barely misses you. The gnoll completely misses you.
There are monsters nearby!
You tentacle-slap the gnoll. You squeeze the gnoll.
The gnoll is moderately wounded.
You constrict the gnoll. The quokka bites you.
The gnoll hits you from afar with a +0 spear.
You release your grip on the gnoll.
The quokka bites you.
There is a stone staircase leading down here.
A rat comes into view.
The quokka bites you.
You see here a scroll labeled HYOSMA JOEZO.
The quokka barely misses you. The quokka bites you.
* * * LOW HITPOINT WARNING * * *
The quokka bites you.
You die...

#### ####### ..# #...... #.#
###......
###.###################........
#...g...g...gr@................
#.#.#.################+#...###+##
...[..# .........<.....# .####g#
..........###... #.#
...........##... #g#
#........#.#.... ## #.# ####
#........#.#.... ... #g###...#
#........#.#.... ##..#>......##
#........#.##...


You could see 2 gnolls and a quokka.

Vanquished Creatures
  An ooze (D:1)
  3 dart slugs
  2 giant cockroaches (D:1)
  3 goblins
  2 hobgoblins (D:1)
  A quokka (D:2)
  2 bats
  2 frilled lizards (D:1)
  5 kobolds (D:1)
  7 rats
28 creatures vanquished.

Notes
Turn   | Place    | Note
-------+----------+-------------------------------------------
     0 | D:1      | H0rd4k the Octopode Transmuter began the quest for the Orb.
     0 | D:1      | Reached XP level 1. HP: 13/13 MP: 3/3
    94 | D:1      | Reached XP level 2. HP: 18/18 MP: 5/5
   669 | D:1      | Reached XP level 3. HP: 23/23 MP: 6/6
  1135 | D:2      | Learned a level 2 spell: Sticks to Snakes
  1139 | D:2      | Learned a level 3 spell: Spider Form
  1255 | D:2      | Slain by a quokka

Illustrated notes

Levels and vault maps discovered:
D:1:      minmay_arrival_radiant_lines, layout_loops_ring, lemuel_flame_loot_1
D:2:      layout_basic, lemuel_doored_altar, old_standard_altar, first_ration

Action                   || total
-------------------------++-------
Melee: Unarmed           ||    59
       Constrict         ||    18
       Tentacles         ||    12
       Punch             ||     1
 Stab: Sleeping          ||     3
  Eat: Chunk             ||     1
Armor: Skin              ||     6
Dodge: Dodged            ||    31
